 Dungeon Crawl Stone Soup version 0.28.0 (webtiles) character file.

Game seed: 13015400449643623786

31 crazypyro the Skirmisher (level 3, -2/39 HPs)
             Began as an Ogre Monk on Feb 14, 2022.
             Slain by a worm (5 damage)
             ... on level 1 of the Dungeon.
             The game lasted 00:01:54 (1015 turns).

crazypyro the Skirmisher (Ogre Monk)                Turns: 1015, Time: 00:01:54

Health: -2/39      AC:  3    Str: 17    XL:     3   Next: 22%
Magic:  3/3        EV: 10    Int: 11    God:
Gold:   19         SH:  0    Dex: 11    Spells: 2/2 levels left

rFire   . . .      SeeInvis .   a - +0 mace
rCold   . . .      Faith    .   (no shield)
rNeg    . . .      Spirit   .   b - +0 robe
rPois   .          Reflect  .   (helmet restricted)
rElec   .          Harm     .   (no cloak)
rCorr   .          Rampage  .   (gloves unavailable)
Will    .....                   (boots unavailable)
Stlth   ++........              (no amulet)
HPRegen 0.13/turn               (no ring)
MPRegen 0.08/turn               (no ring)

@: no status effects
A: large, unfitting armour, tough skin 1
a: no special abilities


You were on level 1 of the Dungeon.
You visited 1 branch of the dungeon, and saw 2 of its levels.

You collected 19 gold pieces.

Inventory:

Hand Weapons
 a - a +0 mace (weapon)
Armour
 b - a +0 robe (worn)
Magical Staves
 c - a staff of conjuration
Scrolls
 d - a scroll of identify {unknown}
 e - a scroll of immolation {unknown}
 f - a scroll of enchant weapon {unknown}


   Skills:
 - Level 4.0 Fighting
 * Level 3.9 Maces & Flails
 - Level 2.6 Dodging
 - Level 1.4 Stealth


You had 2 spell levels left.
You didn't know any spells.
Your spell library was empty.

Dungeon Overview and Level Annotations

Branches:
Dungeon (2/15)

Altars:


Innate Abilities, Weirdness & Mutations

You are too large for most types of armour.
You have tough skin. (AC +1)


Message History

The adder is heavily wounded.
The adder bites you but does no damage. The worm bites you but does no damage.
You closely miss the adder.
The adder is heavily wounded.
The adder closely misses you. The adder bites you.
You are poisoned.
The adder poisons you! The worm misses you.
You closely miss the adder.
The adder is heavily wounded.
You feel sick. The adder barely misses you.
You feel sick. The adder bites you. The worm bites you!
The adder bites you but does no damage.
You climb upwards.
You feel sick.
There is a stone staircase leading down here.
You are too injured to fight recklessly!
You are too injured to fight recklessly!
You are too injured to fight recklessly!
You are too injured to fight recklessly!
You feel sick.
There is an open door here.
You feel sick.
You feel sick.
You are no longer poisoned.
The adder barely misses you.
You sock the adder!
You kill the adder!
You have reached level 3!
Your experience leads to an increase in your attributes!
Increase (S)trength, (I)ntelligence, or (D)exterity?
You feel stronger. x3
You sock the worm!
The worm is moderately wounded.
You hit the worm.
The worm is heavily wounded.
The worm bites you.
* * * LOW HITPOINT WARNING * * *
You barely miss the worm.
The worm is heavily wounded.
The worm bites you.
You die...

#.################
#.################
#.................
#.################
#......# #......#
#......# #.######
#@# #w#
###'################
#..>................
#....##########.....
#....# ##.####
#....# #.....#
#....# #.....#
#....# #.....#


You could see a worm.

Vanquished Creatures
  An adder (D:1)
  2 ball pythons (D:1)
  An endoplasm (D:1)
  3 hobgoblins (D:1)
  5 jackals (D:1)
  A quokka (D:1)
  2 bats (D:1)
  A frilled lizard (D:1)
  A goblin (D:1)
  3 rats (D:1)
20 creatures vanquished.

Notes
Turn   | Place    | Note
-------+----------+-------------------------------------------
     0 | D:1      | crazypyro the Ogre Monk began the quest for the Orb.
     0 | D:1      | Reached XP level 1. HP: 24/24 MP: 1/1
   377 | D:1      | You fall into a shaft and drop 1 floor!
   393 | D:1      | Reached XP level 2. HP: 25/32 MP: 2/2
  1013 | D:1      | Reached XP level 3. HP: 9/39 MP: 3/3
  1015 | D:1      | Slain by a worm

Illustrated notes

Levels and vault maps discovered:
D:1:      eino_arrival_tree_alley, layout_basic, minmay_tetromino_o4
D:2:      layout_rooms, hellmonk_ecumenical_altar_inner_sanctum

Skill      XL: |  1 |
---------------+----+-----
Maces & Flails | 3 |  3.9
Fighting       | |  4.0
Dodging        | |  2.6
Stealth        | |  1.4

Action                   || total
-------------------------++-------
Melee: Mace              ||    78
Armor: Robe              ||    38
Dodge: Dodged            ||    70
